 Dungeon Crawl Stone Soup version 0.20-a0-386-g2d247ea (webtiles) character file.

30411 Gorice the Protected (level 13, -1/86 HPs)
             Began as a Kobold Arcane Marksman on Dec 27, 2016.
             Was a High Priest of Okawaru.
             Slain by a wyvern (15 damage)
             ... on level 5 of the Lair of Beasts on Dec 29, 2016.
             The game lasted 01:41:56 (17141 turns).

Gorice the Protected (Kobold Arcane Marksman)      Turns: 17141, Time: 01:41:57

Health: -1/86      AC: 23    Str: 13    XL:     13   Next: 88%
Magic:  1/18       EV: 18    Int: 14    God:    Okawaru [*****.]
Gold:   794        SH:  0    Dex: 15    Spells: 10/14 levels left

rFire  . . .     SeeInvis +     b - +1 hand crossbow (elec)
rCold  . . .     Gourm    .     d - +3 ring mail {rPois}
rNeg   . . .     Faith    .     (shield restricted)
rPois  +         Spirit   .     q - +2 helmet {SInv}
rElec  .         Reflect  .     y - +0 cloak
rCorr  .         Harm     .     r - +0 pair of gloves
MR     .....                    k - +0 pair of boots
Stlth  +++.......               Q - amulet of regeneration
                                s - ring of stealth
                                w - ring of wizardry

@: heroism
A: icy blue scales 1, carnivore 3
a: Heroism, Finesse, Renounce Religion


You were on level 5 of the Lair of Beasts.
You worshipped Okawaru.
Okawaru was extremely pleased with you.
You were very full.

You visited 3 branches of the dungeon, and saw 16 of its levels.

You collected 846 gold pieces.
You spent 52 gold pieces at shops.

Inventory:

Hand Weapons
 a - the +8 dagger of Truth {speed, Int+2 Dex+5}
   (You found it on level 2 of the Lair of Beasts)

   Attacks with this weapon are significantly faster.
   It affects your intelligence (+2).
   It affects your dexterity (+5).
 b - a +1 hand crossbow of electrocution (weapon)
 c - a +1 dagger of venom
   (You took it off a goblin on level 3 of the Dungeon)
 f - a +1 scimitar of flaming
   (You took it off Erica on level 8 of the Dungeon)
 p - a +6 quarterstaff of protection
   (You took it off Joseph on level 8 of the Dungeon)
Missiles
 A - 18 tomahawks
 R - 7 bolts (quivered)
 Y - 2 throwing nets
Armour
 d - a +3 ring mail of poison resistance (worn)
   (You took it off Urug on level 2 of the Lair of Beasts)
 h - a +1 plate armour of magic resistance
   (You found it on level 2 of the Lair of Beasts)
 k - a +0 pair of boots (worn)
 q - a +2 helmet of see invisible (worn)
   (Okawaru gifted it to you on level 5 of the Lair of Beasts)
 r - a +0 pair of gloves (worn)
 y - a +0 cloak (worn)
 P - the +1 ring mail of Spring Thaw {Str+5 SInv}
   (You found it on level 6 of the Dungeon)

   It affects your strength (+5).
   It lets you see invisible.
Jewellery
 m - an uncursed ring of protection from magic
 s - a ring of stealth (right hand)
 w - a ring of wizardry (left hand)
 C - an uncursed ring of protection from cold
 Q - an amulet of regeneration (around neck)
Wands
 e - a wand of iceblast (6/15)
 D - a wand of lightning (8/15)
 M - a wand of iceblast (8/15)
 V - a wand of iceblast (9/15)
Scrolls
 i - 6 scrolls of teleportation {!r}
 l - a scroll of brand weapon
 t - a scroll of fear {!r}
 v - a scroll of enchant weapon
 E - 5 scrolls of remove curse
 F - a scroll of recharging
 W - 3 scrolls of identify
Potions
 j - 3 potions of heal wounds {!q}
 n - 2 potions of invisibility {!q}
 z - 5 potions of curing
 G - 2 potions of ambrosia
 H - 3 potions of lignification {!q}
 I - 6 potions of agility {!q}
 J - a potion of might {!q}
 K - a potion of cure mutation {!q}
 L - 2 potions of resistance {!q}
 N - 2 potions of haste {!q}
Miscellaneous
 B - a phantom mirror
Comestibles
 g - a royal jelly
 o - 4 beef jerkies
 u - a slice of pizza
 x - 4 chunks of flesh
 O - 13 meat rations {!e}


   Skills:
 + Level 12.2(17.2) Fighting
 - Level 10.0(15.0) Crossbows
 * Level 13.4(18.4) Armour
 - Level 2.4(7.4) Dodging
 - Level 1.1 Spellcasting
 - Level 3.0 Hexes
 + Level 7.9 Invocations


You had 10 spell levels left.
You knew the following spells:

 Your Spells              Type           Power        Failure   Level  Hunger
a - Corona                Hex            #......      6%          1    ##.....
b - Confuse               Hex            #.......     16%         3    ####...


Dungeon Overview and Level Annotations

Branches:
Dungeon (9/15)             Temple (1/1) D:6            Lair (6/6) D:9
  Swamp (0/4) Lair:3        Snake (0/4) Lair:4        Slime (0/5) Lair:5
    Orc (0/2) D:9

Altars:
Ashenzari
Cheibriados
Dithmenos
Elyvilon
Fedhas
Gozag
Hepliaklqana
Kikubaaqudgha
Makhleb
Nemelex Xobeh
Okawaru
Qazlal
Ru
Sif Muna
Trog
Uskayaw
Vehumet
Xom
Yredelemnul
Zin
The Shining One

Shops:
D:4 ?

Annotations:
D:6 vpUX: ID scroll surrounded by moat
Lair:2 vpUX: lava pools with nasties, exclusions: fire bat, 2 lava snakes and molten gargoyle
Lair:6 exclusion: oklob plant


Innate Abilities, Weirdness & Mutations

You are small and have problems with some larger weapons.
You are carnivorous and can eat meat at any time.
You are partially covered in icy blue scales. (AC +2)


Message History

You shoot a bolt. The bolt hits the hornet!
You kill the hornet!
Okawaru accepts your kill. The redback bites you.
* * * LOW HITPOINT WARNING * * *
The wyvern bites you but does no damage.
The redback bites you.
* * * LOW HITPOINT WARNING * * *
Damage: 5 (max 12) Firing (i - inventory. (,) - cycle):
R - 12 bolts (quivered)
Press: ? - help, Shift-Dir - straight line, f - redback
Aim: a redback (lightly wounded)
You shoot a bolt. The bolt barely misses the redback.
The wyvern misses you. The redback misses you.
The wyvern bites you but does no damage.
Unknown command.
Firing (i - inventory. (,) - cycle):
R - 11 bolts (quivered)
Press: ? - help, Shift-Dir - straight line, f/p - redback
Aim: a redback (lightly wounded)
You shoot a bolt. The bolt hits the redback!
The redback is severely wounded.
The redback completely misses you. The wyvern bites you!
* * * LOW HITPOINT WARNING * * *
The redback bites you but does no damage.
Damage: 14 (max 14) Unknown command.
Firing (i - inventory. (,) - cycle):
R - 10 bolts (quivered)
Press: ? - help, Shift-Dir - straight line, f/p - redback
Aim: a redback (severely wounded)
You shoot a bolt. The bolt hits the redback!
There is a sudden explosion of sparks!
You kill the redback!
Okawaru accepts your kill. The wyvern misses you.
The wyvern bites you but does no damage.
Unknown command.
Firing (i - inventory. (,) - cycle):
R - 9 bolts (quivered)
Press: ? - help, Shift-Dir - straight line, f - wyvern
Aim: a wyvern You shoot a bolt.
The bolt hits the wyvern.
The wyvern is lightly wounded.
The wyvern misses you.
Unknown command.
Firing (i - inventory. (,) - cycle):
R - 8 bolts (quivered)
Press: ? - help, Shift-Dir - straight line, f/p - wyvern
Aim: a wyvern (lightly wounded)
You shoot a bolt. The bolt hits the wyvern!
The wyvern is severely wounded.
The wyvern bites you!
You die...

####.#.#...## #####..........##
.>.##.#.....###P...........#..##
.......P...#..#..........#...P.##
.#..P....P..................P...P
......(.......<...#..##.........#
.....................#P..........
............P..>>................
...............((l#...P.....P.PP.
#...............@....P.P......#.P
............)P..#P.....####......
..P.#.................## ####.##
.P...#........P.......# ###
#.....P......##......##
..P#..........#.....##
...PP......[.......##
...................#
..................####


You could see a wyvern.

Vanquished Creatures
  Fannar (Lair:2)
  3 hydras
  A two-headed ogre (D:9)
  Erica (D:8)
  Urug (Lair:2)
  7 black mambas
  Joseph (D:8)
  7 spiny frogs
  4 rime drakes
  6 komodo dragons
  Prince Ribbit (D:7)
  A polar bear (Lair:4)
  Grinder (D:5)
  3 hornets
  A slime creature (Lair:3)
  2 dream sheep (D:9)
  5 hippogriffs
  3 blink frogs (Lair:2)
  A spriggan (Lair:4)
  Sigmund (D:5)
  2 redbacks
  9 wyverns
  19 yaks
  2 fire bats (Lair:2)
  6 basilisks
  23 water moccasins
  The ghost of anet the Magician, an amateur DEWz (D:3)
  3 orc warriors
  5 porcupines
  2 ice beasts
  2 sky beasts
  7 black bears
  A necrophage (D:7)
  An ogre (D:6)
  6 centaurs
  7 wolves
  4 big kobolds (D:9)
  13 crocodiles
  Blork the orc (D:5)
  11 bullfrogs
  4 scorpions
  6 wights
  An electric eel (Lair:1)
  2 howler monkeys
  4 crimson imps
  A centaur zombie (D:7)
  2 bullfrog zombies
  2 centaur skeletons
  5 hounds
  8 orc wizards
  10 jellies
  3 orc priests
  Crazy Yiuf (D:2)
  Jessica (D:3)
  Terence (D:2)
  3 iguanas
  2 worker ants
  A hound zombie (D:7)
  3 worker ant zombies
  7 gnolls
  A howler monkey skeleton (D:8)
  8 adders
  5 shadow imps
  16 oozes
  An adder zombie (D:9)
  6 worms
  2 dart slugs (D:2)
  4 leopard geckos
  32 orcs
  6 bats
  6 giant cockroaches
  8 goblins
  7 hobgoblins
  11 jackals
  3 quokkas (D:3)
  2 ball pythons (D:3)
  3 frilled lizards
  11 kobolds
  2 quokka skeletons
  8 rats
  2 plants (Lair:6)
387 creatures vanquished.

Vanquished Creatures (others)
  2 bushes (Lair:2)
  13 fungi
  3 plants (Lair:6)
18 creatures vanquished.

Grand Total: 405 creatures vanquished

Notes
Turn   | Place    | Note
-------+----------+-------------------------------------------
     0 | D:1      | Gorice the Kobold Arcane Marksman began the quest for the Orb.
     0 | D:1      | Reached XP level 1. HP: 12/12 MP: 2/2
   188 | D:1      | Reached skill level 3 in Crossbows
   229 | D:1      | Reached XP level 2. HP: 16/16 MP: 0/3
   875 | D:2      | Found a shadowy altar of Dithmenos.
   918 | D:2      | Reached XP level 3. HP: 20/20 MP: 2/4
   927 | D:2      | Noticed Terence
   940 | D:2      | HP: 4/20 [Terence/mace (5)]
   970 | D:2      | Found a stormy altar of Qazlal.
  1200 | D:2      | Reached skill level 4 in Crossbows
  1307 | D:2      | Reached skill level 5 in Crossbows
  1307 | D:2      | Reached XP level 4. HP: 14/25 MP: 3/5
  1445 | D:2      | Found a snail-covered altar of Cheibriados.
  1652 | D:2      | Reached XP level 5. HP: 29/29 MP: 4/6
  1707 | D:2      | Found a runed door.
  1831 | D:2      | Found an opulent altar of Gozag.
  1831 | D:2      | Found a sparkling altar of Nemelex Xobeh.
  1928 | D:2      | Killed Terence
  1928 | D:2      | Reached skill level 6 in Crossbows
  2207 | D:2      | Noticed Crazy Yiuf
  2223 | D:2      | Killed Crazy Yiuf
  2316 | D:2      | Upgraded the game from 0.20-a0-369-g71b9d6e to 0.20-a0-379-gc0b65bf
  2360 | D:3      | Noticed anet's ghost (amateur DEWz)
  2426 | D:3      | You fall through a shaft for 2 floors!
  2426 | D:5      | Entered Level 5 of the Dungeon
  2434 | D:6      | Reached skill level 7 in Crossbows
  2434 | D:6      | Reached XP level 6. HP: 34/34 MP: 7/7
  2612 | D:6      | Noticed an ogre
  2624 | D:6      | Killed an ogre
  2638 | D:6      | Noticed a sky beast
  2654 | D:6      | Killed a sky beast
  2654 | D:6      | Reached skill level 8 in Crossbows
  2654 | D:6      | Reached XP level 7. HP: 36/38 MP: 4/8
  2950 | D:3      | Reached skill level 9 in Crossbows
  3065 | D:3      | Killed anet's ghost
  3168 | D:3      | Gained mutation: You are partially covered in icy blue scales. (AC +2) [potion of beneficial mutation]
  3238 | D:3      | Noticed Jessica
  3278 | D:3      | Killed Jessica
  3422 | D:2      | Reached skill level 10 in Crossbows
  3608 | D:3      | Reached XP level 8. HP: 32/43 MP: 6/9
  3666 | D:3      | Reached skill level 1 in Armour
  4047 | D:4      | Found Etuezoh's Magic Scroll Boutique.
  4199 | D:4      | Reached skill level 2 in Fighting
  4199 | D:4      | Reached skill level 2 in Armour
  4426 | D:5      | Noticed Blork the orc
  4436 | D:5      | Killed Blork the orc
  4777 | D:5      | Reached skill level 3 in Fighting
  4777 | D:5      | Reached skill level 3 in Armour
  4800 | D:5      | Noticed Sigmund
  4807 | D:5      | Killed Sigmund
  4913 | D:5      | Found a white marble altar of Elyvilon.
  5016 | D:5      | Noticed Grinder
  5060 | D:5      | Paralysed by Grinder for 6 turns
  5064 | D:5      | HP: 14/48 [Grinder (3)]
  5069 | D:5      | Killed Grinder
  5069 | D:5      | Reached skill level 4 in Fighting
  5069 | D:5      | Reached skill level 4 in Armour
  5069 | D:5      | Reached XP level 9. HP: 37/52 MP: 7/10
  5241 | D:6      | Got an encrusted ring mail
  5311 | D:6      | Identified the cursed +1 ring mail of Spring Thaw {Str+5 SInv} (You found it on level 6 of the Dungeon)
  5662 | D:6      | Reached skill level 5 in Armour
  5763 | D:6      | Found a staircase to the Ecumenical Temple.
  5777 | D:6      | Reached skill level 5 in Fighting
  5836 | Temple   | Entered the Ecumenical Temple
  5956 | Temple   | Became a worshipper of Warmaster Okawaru
  6388 | D:6      | You fall through a shaft for 3 floors!
  6388 | D:9      | Found a staircase to the Orcish Mines.
  6388 | D:9      | Found a hazy altar of Hepliaklqana.
  6555 | D:9      | Reached skill level 6 in Armour
  6586 | D:9      | Reached * piety under Okawaru
  6668 | D:9      | Reached skill level 6 in Fighting
  6769 | D:9      | Reached XP level 10. HP: 49/60 MP: 11/11
  6776 | D:9      | Reached skill level 1 in Invocations
  6798 | D:9      | Reached skill level 7 in Armour
  6860 | D:9      | Reached skill level 2 in Invocations
  6878 | D:9      | Reached ** piety under Okawaru
  6925 | D:9      | Found a staircase to the Lair.
  7042 | D:9      | Reached skill level 7 in Fighting
  7042 | D:9      | Reached skill level 3 in Invocations
  7302 | D:4      | Bought a scroll of identify for 26 gold pieces
  7302 | D:4      | Bought a scroll of identify for 26 gold pieces
  7783 | D:7      | Noticed Prince Ribbit
  7814 | D:7      | Reached skill level 8 in Armour
  7872 | D:7      | Killed Prince Ribbit
  7891 | D:6      | Reached *** piety under Okawaru
  7962 | D:7      | Found a bloodstained altar of Trog.
  8397 | D:8      | Noticed Joseph
  8411 | D:8      | Killed Joseph
  8411 | D:8      | Reached skill level 8 in Fighting
  8602 | D:8      | Reached XP level 11. HP: 68/68 MP: 11/13
  8664 | D:8      | Paralysed by a hornet for 3 turns
  8757 | D:8      | Reached skill level 9 in Armour
  8784 | D:8      | Noticed Erica
  8797 | D:8      | Killed Erica
  8988 | D:8      | Reached **** piety under Okawaru
  9021 | D:8      | Learned a level 3 spell: Confuse
  9723 | D:9      | Noticed a two-headed ogre
  9782 | D:9      | Killed a two-headed ogre
  9782 | D:9      | Received a gift from Okawaru
  9782 | D:9      | Reached skill level 9 in Fighting
  9889 | D:8      | Reached skill level 10 in Armour
  9900 | D:9      | Received a gift from Okawaru
 10049 | D:9      | Noticed a two-headed hydra
 10057 | D:9      | Killed a one-headed hydra
 10387 | Lair:1   | Entered Level 1 of the Lair of Beasts
 10450 | Lair:1   | Reached ***** piety under Okawaru
 10599 | Lair:1   | Received a gift from Okawaru
 10852 | Lair:1   | Reached skill level 10 in Fighting
 10926 | Lair:1   | Reached XP level 12. HP: 77/77 MP: 12/14
 11322 | Lair:1   | Reached skill level 11 in Armour
 11561 | Lair:2   | Got a fine dagger
 11562 | Lair:2   | Identified the +8 dagger of Truth {speed, Int+2 Dex+5} (You found it on level 2 of the Lair of Beasts)
 11564 | Lair:2   | Noticed Urug
 11576 | Lair:2   | Killed Urug
 11860 | Lair:2   | Reached skill level 4 in Invocations
 11936 | Lair:2   | Noticed Fannar
 11998 | Lair:2   | Killed Fannar
 12442 | Lair:2   | Reached skill level 5 in Invocations
 12861 | Lair:3   | Found a staircase to the Swamp.
 12929 | Lair:3   | HP: 14/79 [komodo dragon (23)]
 12945 | Lair:3   | Reached skill level 11 in Fighting
 12945 | Lair:3   | Reached skill level 12 in Armour
 13057 | Lair:3   | Noticed a seven-headed hydra
 13081 | Lair:3   | Killed a seven-headed hydra
 13640 | Lair:3   | Found a radiant altar of Vehumet.
 13810 | Lair:4   | Found a staircase to the Snake Pit.
 14110 | Lair:4   | Reached XP level 13. HP: 58/84 MP: 17/17
 14333 | Lair:4   | Reached skill level 6 in Invocations
 14951 | Lair:5   | Received a gift from Okawaru
 15070 | Lair:5   | Found a staircase to the Slime Pits.
 15529 | Lair:6   | Entered Level 6 of the Lair of Beasts
 15882 | Lair:6   | Reached skill level 7 in Invocations
 15959 | Lair:6   | Noticed a four-headed hydra
 15988 | Lair:5   | Killed a four-headed hydra
 15988 | Lair:5   | Reached skill level 13 in Armour
 16337 | Lair:6   | Reached skill level 12 in Fighting
 16691 | Lair:6   | Upgraded the game from 0.20-a0-379-gc0b65bf to 0.20-a0-386-g2d247ea
 17138 | Lair:5   | HP: 13/86 [wyvern (15)]
 17141 | Lair:5   | Slain by a wyvern

Vault maps used:
D:1:      tarquinn_simple_flora_water_f, roderic_serpentine_path,
          kennysheep_boxes
D:2:      marbit_many_paths, grunt_dithmenos_smoke_and_mirrors,
          grunt_temple_overflow_opulence, nicolae_qazlal_general_emergency,
          uniq_terence, uniq_crazy_yiuf_cottage
D:3:      lightli_sewer_entry_pipes, uniq_jessica
D:4:      serial_shops, kennysheep_little_box, kennysheep_generic_room_6
D:5:      lemuel_crystal_altar, first_bread, uniq_blork_the_orc, uniq_grinder,
          uniq_sigmund
D:6:      corexii_leaking_fountain, minmay_misc_feat_room,
          corexii_item_surrounded_by_moat, nrook_mini_backslash
D:7:      trog_ov_bears_minmay, kennysheep_nub, uniq_prince_ribbit1
D:8:      uniq_joseph, uniq_erica
D:9:      minmay_lair_entry_grove, basic_altar, hangedman_ranch
Temple:   regret_index_temple_waves
Lair:1:   fungi_pond_lemuel, nicolae_quartered_pool_medium, serial_bayou_pond_a,
          guppyfry_lair_drakes, lemuel_fruit_tree
Lair:2:   uniq_urug, uniq_fannar
Lair:3:   lemuel_slime, swamp_mist, serial_bayou_pond_c, lemuel_centaur_altar,
          serial_bayou_shore_b
Lair:4:   guppyfry_snake_entry_island, grunt_forest_stairs_clearing
Lair:5:   slime_dummy
Lair:6:   hangedman_lair_tendril_chambers, grunt_megastairs_1

Skill      XL: |  1  2  3  4  5  6  7  8  9 10 11 12 13 |
---------------+----------------------------------------+-----
Crossbows      | 3 5 7 8 10 | 10.0
Armour         | 4 6 8 10 12 13 | 13.4
Fighting       | 4 6 8 10 11 12 | 12.2
Invocations    | 3 5 7 |  7.9
Dodging        | |  2.4
Spellcasting   | |  1.1
Hexes          | |  3.0

Action                   |  1- 3 |  4- 6 |  7- 9 | 10-12 | 13-15 || total
-------------------------+-------+-------+-------+-------+-------++-------
Melee: Flail             |       |       |     3 |       |       ||     3
       Dagger            |       |       |   172 |   471 |    84 ||   727
       Quarterstaff      |       |       |       |     9 |       ||     9
       Scimitar          |       |       |       |     4 |       ||     4
       Punch             |       |       |       |     2 |       ||     2
 Fire: Hand crossbow     |    66 |   119 |   237 |   378 |   257 ||  1057
Throw: Throwing net      |       |     2 |       |       |       ||     2
       Tomahawk          |       |       |       |     1 |       ||     1
 Cast: Corona            |    29 |    25 |    81 |   142 |    48 ||   325
       Confuse           |       |       |       |    10 |    38 ||    48
Invok: Heroism           |       |       |       |    12 |     5 ||    17
Evoke: Wand              |       |       |       |     1 |       ||     1
  Use: Scroll            |     4 |     4 |    10 |     8 |     5 ||    31
       Potion            |       |       |     2 |     1 |       ||     3
 Stab: Sleeping          |       |       |       |     2 |       ||     2
       Confused          |       |       |       |     1 |     5 ||     6
  Eat: Chunk             |     7 |     8 |    17 |    29 |    18 ||    79
Armor: Ring mail         |     8 |    27 |   195 |   265 |   119 ||   614
Dodge: Dodged            |    33 |    54 |   183 |   474 |   199 ||   943

Table legend:
 A = Turns spent in this place as a percentage of turns spent in the entire game.
 B = Non-inter-level travel turns spent in this place as a percentage of non-inter-level travel turns spent in the entire game.
 C = Inter-level travel turns spent in this place as a percentage of turns spent in this place.
 D = Turns resting spent in this place as a percentage of non-inter-level travel turns spent in this place.
 E = Turns spent auto-exploring this place as a percentage of non-inter-level travel turns spent in this place.
 F = Non-inter-level travel turns spent in this place divided by the number of levels of this place that you've seen.
                   A       B       C       D       E      F
               +-------+-------+-------+-------+-------+----------------------
         Total | 100.0 | 100.0 |   0.4 |   1.5 |   4.5 | 469.9
       Dungeon |  61.6 |  61.6 |   0.4 |   1.1 |   4.3 | 514.4
        Temple |   0.3 |   0.3 |   8.7 |   0.0 |  85.7 |  21.0
          Lair |  38.1 |  38.1 |   0.3 |   2.2 |   4.3 | 478.0
               +-------+-------+-------+-------+-------+----------------------

Vault maps used:
D:1:      tarquinn_simple_flora_water_f, roderic_serpentine_path,
          kennysheep_boxes
D:2:      marbit_many_paths, grunt_dithmenos_smoke_and_mirrors,
          grunt_temple_overflow_opulence, nicolae_qazlal_general_emergency,
          uniq_terence, uniq_crazy_yiuf_cottage
D:3:      lightli_sewer_entry_pipes, uniq_jessica
D:4:      serial_shops, kennysheep_little_box, kennysheep_generic_room_6
D:5:      lemuel_crystal_altar, first_bread, uniq_blork_the_orc, uniq_grinder,
          uniq_sigmund
D:6:      corexii_leaking_fountain, minmay_misc_feat_room,
          corexii_item_surrounded_by_moat, nrook_mini_backslash
D:7:      trog_ov_bears_minmay, kennysheep_nub, uniq_prince_ribbit1
D:8:      uniq_joseph, uniq_erica
D:9:      minmay_lair_entry_grove, basic_altar, hangedman_ranch
Temple:   regret_index_temple_waves
Lair:1:   fungi_pond_lemuel, nicolae_quartered_pool_medium, serial_bayou_pond_a,
          guppyfry_lair_drakes, lemuel_fruit_tree
Lair:2:   uniq_urug, uniq_fannar
Lair:3:   lemuel_slime, swamp_mist, serial_bayou_pond_c, lemuel_centaur_altar,
          serial_bayou_shore_b
Lair:4:   guppyfry_snake_entry_island, grunt_forest_stairs_clearing
Lair:5:   slime_dummy
Lair:6:   hangedman_lair_tendril_chambers, grunt_megastairs_1
